[ PARTIDA AOE2 · #476003423 ]
UnrankedMongoles vs Italians
Equipo del jugador · VICT
Equipo rival · DERR
[ ANÁLISIS DE REPETICIÓN · EXTRAÍDO DE LA PARTIDA GRABADA ]
Feudal
11:20
Castillos
14:58
Imperial
29:34
| APM promedio | 44.7 |
| APM pico | 76 |
| eAPM promedio | 29.3 |
| Aldeanos / militares | 179 / 269 |
Foco
⚔️ 33.5% · 🌾 66.5%
Scout Cavalry ×131 · Mangudai ×44 · Militia ×42 · Mangonel ×36 · Trebuchet (Packed) ×8 · Battering Ram ×7
Feudal
10:07
Castillos
14:06
Imperial
28:58
| APM promedio | 33.0 |
| APM pico | 69 |
| eAPM promedio | 20.2 |
| Aldeanos / militares | 147 / 345 |
Foco
⚔️ 37.0% · 🌾 63.0%
Skirmisher ×109 · Scout Cavalry ×76 · Hand Cannoneer ×73 · Knight ×52 · Genoese Crossbowman ×13 · Bombard Cannon ×7
Mapa de la partida
Recursos iniciales + cada clic de construcción. Líneas = muros · curvas = relieve. ◆ oro · ⬟ piedra · ● bayas · ✦ reliquia · ◌ hueco del cierre
Tu base· ✓ Cerrada en 14:58 · 0t muro · 3 puerta(s)
Base de RealTHF· ✓ Cerrada en 14:06 · 0t muro · 2 puerta(s)
Terreno inicial suavizado · ◌ = hueco del cierre detectado · pasá el cursor para detalles
Inputs por minuto
— Lollo-01 - - RealTHF
Build order — Lollo-01
Primeras 150 de 600 acciones detectadas
| 0:00 | Crear | Villager (Male) |
| 0:00 | Crear | Villager (Male) |
| 0:01 | Construir | House |
| 0:03 | Construir | House |
| 0:17 | Crear | Villager (Male) |
| 0:17 | Crear | Villager (Male) |
| 0:17 | Crear | Villager (Male) |
| 1:15 | Crear | Villager (Male) |
| 1:45 | Construir | Lumber Camp |
| 1:55 | Crear | Villager (Male) |
| 2:14 | Crear | Villager (Male) |
| 2:40 | Crear | Villager (Male) |
| 3:03 | Crear | Villager (Male) |
| 3:35 | Crear | Villager (Male) |
| 3:50 | Construir | House |
| 3:50 | Construir | House |
| 4:00 | Crear | Villager (Male) |
| 4:16 | Construir | Mill |
| 4:17 | Crear | Villager (Male) |
| 4:20 | Crear | Villager (Male) |
| 4:20 | Crear | Villager (Male) |
| 4:32 | Crear | Villager (Male) |
| 4:44 | Crear | Villager (Male) |
| 5:18 | Crear | Villager (Male) |
| 5:18 | Crear | Villager (Male) |
| 5:29 | Crear | Villager (Male) |
| 6:17 | Crear | Villager (Male) |
| 6:17 | Crear | Villager (Male) |
| 6:17 | Crear | Villager (Male) |
| 6:43 | Construir | Lumber Camp |
| 6:47 | Construir | Mill |
| 6:50 | Crear | Villager (Male) |
| 6:53 | Crear | Villager (Male) |
| 7:06 | Crear | Villager (Male) |
| 7:10 | Construir | House |
| 7:35 | Crear | Villager (Male) |
| 7:42 | Crear | Villager (Male) |
| 8:50 | Construir | Mining Camp |
| 8:59 | Investigar | Feudal Age |
| 10:03 | Construir | Farm |
| 10:05 | Construir | Farm |
| 10:07 | Construir | Farm |
| 10:12 | Construir | Farm |
| 11:20 | Edad | Edad Feudal |
| 11:22 | Construir | Market |
| 11:24 | Construir | Blacksmith |
| 11:28 | Crear | Villager (Male) |
| 11:29 | Crear | Villager (Male) |
| 11:33 | Investigar | Double-Bit Axe |
| 11:33 | Investigar | Horse Collar |
| 11:40 | Construir | Farm |
| 11:56 | Construir | Farm |
| 12:06 | Construir | House |
| 12:15 | Investigar | Castle Age |
| 12:15 | Investigar | Castle Age |
| 12:23 | Construir | Farm |
| 12:43 | Construir | House |
| 13:22 | Construir | House |
| 14:15 | Crear | Villager (Male) |
| 14:58 | Edad | Edad de los Castillos |
| 15:01 | Construir | Town Center |
| 15:05 | Construir | Town Center |
| 15:06 | Crear | Villager (Male) |
| 15:07 | Crear | Villager (Male) |
| 15:08 | Investigar | Bow Saw |
| 15:08 | Investigar | Bow Saw |
| 15:09 | Investigar | Heavy Plow |
| 15:09 | Investigar | Heavy Plow |
| 15:13 | Construir | Farm |
| 15:30 | Crear | Villager (Male) |
| 15:45 | Construir | Farm |
| 15:48 | Construir | Farm |
| 15:52 | Construir | Farm |
| 16:00 | Crear | Villager (Male) |
| 16:07 | Construir | House |
| 16:14 | Construir | House |
| 16:19 | Crear | Villager (Male) |
| 16:27 | Crear | Villager (Male) |
| 16:28 | Crear | Villager (Male) |
| 16:34 | Construir | Farm |
| 16:37 | Construir | Farm |
| 16:41 | Crear | Villager (Male) |
| 16:42 | Crear | Villager (Male) |
| 16:46 | Construir | Farm |
| 16:48 | Crear | Villager (Male) |
| 16:50 | Crear | Villager (Male) |
| 16:55 | Crear | Villager (Male) |
| 17:00 | Construir | House |
| 17:05 | Construir | Farm |
| 17:10 | Construir | Farm |
| 17:11 | Crear | Villager (Male) |
| 17:19 | Crear | Villager (Male) |
| 17:19 | Crear | Villager (Male) |
| 17:28 | Construir | Farm |
| 17:43 | Crear | Villager (Male) |
| 17:44 | Construir | House |
| 17:45 | Crear | Villager (Male) |
| 17:49 | Construir | Farm |
| 17:54 | Construir | Farm |
| 17:56 | Construir | Farm |
| 17:59 | Construir | Farm |
| 18:00 | Crear | Villager (Male) |
| 18:07 | Construir | Farm |
| 18:10 | Crear | Villager (Male) |
| 18:16 | Construir | House |
| 18:20 | Construir | Farm |
| 18:21 | Crear | Villager (Male) |
| 18:21 | Crear | Villager (Male) |
| 18:27 | Construir | Farm |
| 18:38 | Construir | Farm |
| 18:41 | Construir | Farm |
| 18:44 | Crear | Villager (Male) |
| 18:46 | Construir | House |
| 18:49 | Crear | Villager (Male) |
| 18:49 | Crear | Villager (Male) |
| 18:59 | Construir | Farm |
| 19:01 | Crear | Villager (Male) |
| 19:07 | Construir | Farm |
| 19:08 | Crear | Villager (Male) |
| 19:18 | Construir | Farm |
| 19:21 | Construir | Farm |
| 19:22 | Crear | Villager (Male) |
| 19:24 | Construir | House |
| 19:32 | Construir | Farm |
| 19:35 | Construir | Farm |
| 19:37 | Construir | Mill |
| 19:43 | Construir | Farm |
| 19:46 | Construir | Mill |
| 19:49 | Crear | Villager (Male) |
| 19:49 | Crear | Villager (Male) |
| 19:54 | Construir | Farm |
| 19:58 | Construir | House |
| 19:59 | Crear | Villager (Male) |
| 20:06 | Crear | Villager (Male) |
| 20:06 | Crear | Villager (Male) |
| 20:13 | Crear | Villager (Male) |
| 20:29 | Construir | Town Center |
| 20:31 | Crear | Villager (Male) |
| 20:32 | Crear | Villager (Male) |
| 20:34 | Construir | House |
| 20:41 | Construir | Farm |
| 20:42 | Crear | Villager (Male) |
| 20:43 | Crear | Villager (Male) |
| 20:48 | Construir | Farm |
| 20:51 | Crear | Villager (Male) |
| 20:57 | Crear | Villager (Male) |
| 21:00 | Construir | Lumber Camp |
| 21:03 | Construir | House |
| 21:06 | Crear | Villager (Male) |
| 21:06 | Crear | Villager (Male) |
Build order — RealTHF
Primeras 150 de 518 acciones detectadas
| 0:00 | Crear | Villager (Male) |
| 0:01 | Crear | Villager (Male) |
| 0:02 | Construir | House |
| 0:03 | Construir | House |
| 0:32 | Crear | Villager (Male) |
| 0:32 | Crear | Villager (Male) |
| 0:33 | Crear | Villager (Male) |
| 1:25 | Crear | Villager (Male) |
| 1:25 | Crear | Villager (Male) |
| 1:51 | Construir | Lumber Camp |
| 2:03 | Crear | Villager (Male) |
| 2:03 | Crear | Villager (Male) |
| 2:27 | Crear | Villager (Male) |
| 2:27 | Crear | Villager (Male) |
| 2:54 | Crear | Villager (Male) |
| 2:54 | Crear | Villager (Male) |
| 3:01 | Construir | House |
| 3:02 | Construir | House |
| 3:14 | Crear | Villager (Male) |
| 3:15 | Crear | Villager (Male) |
| 3:41 | Crear | Villager (Male) |
| 3:41 | Crear | Villager (Male) |
| 4:00 | Crear | Villager (Male) |
| 4:33 | Crear | Villager (Male) |
| 4:34 | Crear | Villager (Male) |
| 4:58 | Crear | Villager (Male) |
| 4:58 | Crear | Villager (Male) |
| 5:13 | Construir | Mill |
| 5:40 | Crear | Villager (Male) |
| 5:41 | Crear | Villager (Male) |
| 6:18 | Crear | Villager (Male) |
| 6:19 | Crear | Villager (Male) |
| 7:00 | Crear | Villager (Male) |
| 7:33 | Construir | Mining Camp |
| 7:57 | Investigar | Feudal Age |
| 7:57 | Investigar | Feudal Age |
| 8:29 | Construir | Mill |
| 9:07 | Crear | Villager (Male) |
| 9:08 | Crear | Villager (Male) |
| 9:29 | Construir | Farm |
| 9:39 | Construir | House |
| 10:07 | Edad | Edad Feudal |
| 10:11 | Construir | Market |
| 10:17 | Construir | Blacksmith |
| 10:58 | Crear | Villager (Male) |
| 11:22 | Construir | Farm |
| 11:23 | Construir | Farm |
| 11:26 | Investigar | Castle Age |
| 11:26 | Investigar | Castle Age |
| 11:57 | Construir | Farm |
| 12:10 | Investigar | Double-Bit Axe |
| 12:10 | Investigar | Double-Bit Axe |
| 12:27 | Construir | Farm |
| 12:35 | Investigar | Horse Collar |
| 12:43 | Construir | House |
| 12:59 | Construir | House |
| 13:02 | Construir | House |
| 13:38 | Crear | Villager (Male) |
| 13:39 | Crear | Villager (Male) |
| 14:06 | Edad | Edad de los Castillos |
| 14:09 | Construir | Town Center |
| 14:47 | Crear | Villager (Male) |
| 15:12 | Construir | Monastery |
| 15:14 | Crear | Villager (Male) |
| 15:37 | Crear | Villager (Male) |
| 15:46 | Crear | Monk |
| 15:49 | Crear | Villager (Male) |
| 15:59 | Crear | Villager (Male) |
| 16:00 | Crear | Villager (Male) |
| 16:15 | Crear | Villager (Male) |
| 16:15 | Crear | Villager (Male) |
| 16:23 | Investigar | Bow Saw |
| 16:37 | Construir | Farm |
| 16:40 | Construir | Farm |
| 16:44 | Construir | Farm |
| 16:51 | Construir | Farm |
| 16:55 | Crear | Villager (Male) |
| 16:55 | Crear | Villager (Male) |
| 17:05 | Crear | Villager (Male) |
| 17:08 | Crear | Monk |
| 17:29 | Crear | Villager (Male) |
| 17:29 | Crear | Villager (Male) |
| 17:31 | Crear | Villager (Male) |
| 17:32 | Crear | Villager (Male) |
| 17:58 | Construir | Town Center |
| 18:04 | Construir | Farm |
| 18:05 | Construir | Farm |
| 18:06 | Construir | Farm |
| 18:07 | Construir | Farm |
| 18:18 | Crear | Villager (Male) |
| 18:18 | Crear | Villager (Male) |
| 18:42 | Crear | Villager (Male) |
| 18:47 | Construir | Farm |
| 18:47 | Construir | Farm |
| 18:48 | Construir | Farm |
| 18:48 | Construir | Farm |
| 18:59 | Construir | Farm |
| 18:59 | Construir | Farm |
| 18:59 | Construir | Farm |
| 19:05 | Crear | Villager (Male) |
| 19:05 | Crear | Villager (Male) |
| 19:12 | Construir | House |
| 19:13 | Construir | House |
| 19:18 | Crear | Villager (Male) |
| 19:19 | Crear | Villager (Male) |
| 19:23 | Construir | Farm |
| 19:37 | Crear | Villager (Male) |
| 19:41 | Construir | Farm |
| 19:43 | Construir | Farm |
| 19:52 | Crear | Villager (Male) |
| 19:52 | Crear | Villager (Male) |
| 19:53 | Crear | Villager (Male) |
| 19:56 | Construir | Farm |
| 20:00 | Construir | Farm |
| 20:04 | Construir | Farm |
| 20:10 | Crear | Villager (Male) |
| 20:10 | Crear | Villager (Male) |
| 20:10 | Crear | Villager (Male) |
| 20:22 | Construir | House |
| 20:24 | Crear | Villager (Male) |
| 20:43 | Crear | Villager (Male) |
| 20:43 | Crear | Villager (Male) |
| 20:47 | Investigar | Loom |
| 21:02 | Construir | House |
| 21:02 | Construir | House |
| 21:03 | Construir | House |
| 21:03 | Construir | House |
| 21:06 | Crear | Villager (Male) |
| 21:06 | Crear | Villager (Male) |
| 21:06 | Crear | Villager (Male) |
| 21:09 | Construir | University |
| 21:12 | Construir | Farm |
| 21:14 | Construir | Farm |
| 21:20 | Crear | Villager (Male) |
| 21:21 | Crear | Villager (Male) |
| 21:35 | Investigar | Wheelbarrow |
| 21:44 | Investigar | Heavy Plow |
| 21:54 | Construir | Farm |
| 21:57 | Construir | Farm |
| 22:03 | Construir | Farm |
| 22:05 | Crear | Villager (Male) |
| 22:05 | Crear | Villager (Male) |
| 22:05 | Crear | Villager (Male) |
| 22:18 | Crear | Villager (Male) |
| 22:30 | Construir | Siege Workshop |
| 22:37 | Crear | Villager (Male) |
| 22:37 | Crear | Villager (Male) |
| 22:41 | Investigar | Fletching |
| 23:02 | Investigar | Stone Mining |
| 23:02 | Investigar | Gold Mining |
Cronología de la partida
| 10:07 | RealTHF · age_up feudal |
| 11:20 | Lollo-01 · age_up feudal |
| 14:06 | RealTHF · age_up castle |
| 14:58 | Lollo-01 · age_up castle |
| 15:12 | RealTHF · first_building Monastery |
| 22:30 | RealTHF · first_building Siege Workshop |
| 23:21 | Lollo-01 · first_building Siege Workshop |
| 24:08 | Lollo-01 · first_building Barracks |
| 24:52 | RealTHF · first_building Castle |
| 26:04 | Lollo-01 · first_market_sell 100 food |
| 27:54 | Lollo-01 · first_building Castle |
| 28:53 | RealTHF · first_building Barracks |
| 28:58 | RealTHF · age_up imperial |
| 29:15 | RealTHF · first_market_sell 100 wood |
| 29:34 | Lollo-01 · age_up imperial |
| 30:26 | RealTHF · first_building Archery Range |
| 32:26 | Lollo-01 · first_market_buy 100 wood |
| 34:13 | RealTHF · first_building Stable |
| 39:00 | RealTHF · first_market_buy 100 stone |
| 39:07 | Lollo-01 · first_building Archery Range |
| 40:48 | Lollo-01 · first_building Stable |
| 46:00 | Lollo-01 · wall_segment Stone Wall x1 |
| 46:02 | Lollo-01 · wall_segment Stone Wall x1 |
| 46:02 | Lollo-01 · wall_segment Stone Wall x1 |
| 49:34 | RealTHF · resign |
[ ANÁLISIS IA · 1 CRÉDITO ]
¿Qué pasó realmente en esta partida?
Wolo.gg analiza cada decisión: build order, eco, micro, errores típicos por bracket. Análisis personalizado por WhatsApp o Discord en 30 segundos.
Guía civ
Mongoles
Perfil
Lollo-01